 Dungeon Crawl Stone Soup version 0.17-a0-82-g3e33fa6 (webtiles) character file.

1435 Duracell the Covered (level 8, -3/73 HPs)
             Began as a Minotaur Berserker on Mar 16, 2015.
             Was an Elder of Trog.
             Slain by a chaos spawn (14 damage)
             ... on level 1 of the Abyss.
             The game lasted 00:41:34 (5333 turns).

Duracell the Covered (Minotaur Berserker)           Turns: 5333, Time: 00:41:34

Health: -3/73      AC: 14    Str: 25    XL:     8   Next: 45%
Magic:  3/3        EV:  8    Int:  2    God:    Trog [****..]
Gold:   191        SH:  0    Dex:  9    Spells: 0 memorised, 7 levels left

rFire  + . .     SeeInvis .     a - +3 mace
rCold  . . .     Clarity  .     g - +0 plate armour
rNeg   . . .     SustAb   .     (no shield)
rPois  .         Gourm    .     (helmet restricted)
rElec  .         Spirit   .     (no cloak)
rCorr  .         Warding  .     r - +0 pair of gloves
rMut   .         Stasis   .     (no boots)
MR     .....                    (no amulet)
Stlth  ..........               (no ring)
                                c - ring of protection from fire (curse)

@: flayed, not resistant to hostile enchantments, extremely unstealthy
A: retaliatory headbutt, horns 2, dopey 1
a: Burn Spellbooks, Berserk, Trog's Hand, Brothers in Arms, Renounce Religion


You were on level 1 of the Abyss.
You worshipped Trog.
Trog was greatly pleased with you.
You were not hungry.

You visited 1 branch of the dungeon, and saw 5 of its levels.
You visited the Abyss 1 time.

You collected 246 gold pieces.
You spent 55 gold pieces at shops.

Inventory:

Hand weapons
 a - a +3 mace (weapon)
 d - a +0 flail
 l - a +2 dagger of electrocution
 n - a +2 hunting sling of freezing
 q - a +2 short sword of draining
Missiles
 e - 39 stones (quivered)
 h - 39 bolts of flame
 m - 22 sling bullets
Armour
 g - a +0 plate armour (worn)
 r - a +0 pair of gloves (worn)
Jewellery
 c - a cursed ring of protection from fire (left hand)
Scrolls
 b - 2 scrolls of teleportation
 f - 2 scrolls of identify
 p - a scroll of remove curse
Potions
 o - a potion of magic
Comestibles
 k - a meat ration


   Skills:
 + Level 7.1 Fighting
 + Level 7.6 Maces & Flails
 + Level 7.7 Armour
 + Level 4.5 Dodging
 + Level 0.6 Stealth


You had 7 spell levels left.
You didn't know any spells.

Dungeon Overview and Level Annotations

Branches:
Dungeon (5/15)
 Temple: D:4-7

Altars:
Kikubaaqudgha
Makhleb
Vehumet

Shops:
D:4 *


Innate Abilities, Weirdness & Mutations

You reflexively headbutt those who attack you in melee.
You have a pair of horns on your head.
You are dopey. (Int -2)


Message History

The bone dragon is lightly damaged.
The chaos spawn gores you but does no damage.
The bone dragon bites you. The bone dragon claws you!
The bone dragon tramples you but does no damage.
The balrug reads a scroll.
Wisps of shadow swirl around the balrug.
You hit the bone dragon!
You headbutt the bone dragon, but do no damage.
The bone dragon is lightly damaged.
The chaos spawn gores you. The bone dragon bites you!
* * * LOW HITPOINT WARNING * * *
The bone dragon claws you.
* * * LOW HITPOINT WARNING * * *
The bone dragon tramples you!
* * * LOW HITPOINT WARNING * * *
You hold your ground!
You hit the bone dragon. You headbutt the bone dragon.
The bone dragon is lightly damaged.
The chaos spawn gores you!
You die...

.#. .≈≈ .
#..#.≈≈. ..#
...#..≈
.'###!.X.
#_#.#..
#...#.## #
#...#3X#
##.####...@x.#
#........2D..#
########**####
#..uu..
##W...###
.u..### #...u#
..#.. # .###


You could see a bone dragon, a cyan very ugly thing, a balrug, 2 wretched stars,
3 ugly things, a flayed ghost, 2 large abominations, a chaos spawn and a small
abomination.

Vanquished Creatures
  An ancient zyme (Abyss:1)
  2 ynoxinuls (Abyss:1)
  A neqoxec (Abyss:1)
  The ghost of phoenixzeus the Slasher, an average DsCK of Xom (D:3)
  A small abomination (Abyss:1)
  A crimson imp (Abyss:1)
  2 hounds (D:4)
  An orc priest (D:5)
  3 worker ants (D:4)
  An orc wizard (D:5)
  The ghost of Trailblaze the Cudgeler, a weakling OgBe of Trog (D:4)
  Jessica (D:2)
  Terence (D:2)
  A hound skeleton (D:4)
  Robin (D:2)
  8 adders
  A giant mite (D:1)
  6 worms
  7 giant geckos
  2 oozes (D:2)
  9 orcs (D:4)
  A ball python (D:1)
  4 giant cockroaches
  22 goblins
  15 hobgoblins
  12 kobolds
  2 quokkas (D:3)
  11 bats
  9 giant newts
  12 jackals
  2 quokka skeletons (D:4)
  12 rats
154 creatures vanquished.

Notes
Turn   | Place    | Note
--------------------------------------------------------------
     0 | D:1      | Duracell, the Minotaur Berserker, began the quest for the Orb.
     0 | D:1      | Reached XP level 1. HP: 19/19 MP: 1/1
    15 | D:1      | Found a radiant altar of Vehumet.
   218 | D:1      | Reached XP level 2. HP: 27/27 MP: 1/1
   225 | D:1      | Reached skill level 4 in Fighting
   625 | D:1      | Reached XP level 3. HP: 29/34 MP: 2/2
  1529 | D:2      | Acquired Trog's second power
  1807 | D:2      | Noticed Terence
  1809 | D:2      | Killed Terence
  1809 | D:2      | Reached XP level 4. HP: 41/41 MP: 2/2
  1944 | D:2      | Noticed Jessica
  1950 | D:2      | Killed Jessica
  2092 | D:2      | Reached XP level 5. HP: 45/47 MP: 2/2
  2097 | D:2      | Noticed Robin
  2105 | D:2      | Killed Robin
  2106 | D:2      | Reached skill level 5 in Maces & Flails
  2682 | D:3      | Noticed phoenixzeus' ghost (average DsCK)
  2694 | D:3      | Killed phoenixzeus' ghost
  2694 | D:3      | Reached skill level 5 in Fighting
  2694 | D:3      | Reached XP level 6. HP: 26/56 MP: 1/3
  3777 | D:4      | Noticed Trailblaze's ghost (weakling OgBe)
  3781 | D:4      | Found Ohalait's General Store.
  3788 | D:4      | Killed Trailblaze's ghost
  3804 | D:4      | Found an ancient bone altar of Kikubaaqudgha.
  3830 | D:4      | Bought a scroll of remove curse for 33 gold pieces
  3832 | D:4      | Bought a scroll of identify for 22 gold pieces
  3911 | D:4      | Reached skill level 6 in Maces & Flails
  3911 | D:4      | Reached skill level 5 in Armour
  4009 | D:4      | Reached XP level 7. HP: 61/61 MP: 3/3
  4077 | D:4      | Acquired Trog's third power
  4096 | D:4      | Found a burning altar of Makhleb.
  4388 | D:5      | Entered Level 5 of the Dungeon
  4623 | D:5      | Cast into the Abyss (orc)
  4745 | Abyss:1  | Found a corrupted altar of Lugonu.
  4754 | Abyss:1  | Noticed a ynoxinul
  4766 | Abyss:1  | Killed a ynoxinul
  4800 | Abyss:1  | Gained mutation: You are dopey. (Int -2) [a neqoxec]
  4802 | Abyss:1  | Reached skill level 7 in Maces & Flails
  4802 | Abyss:1  | Reached XP level 8. HP: 13/71 MP: 3/3
  4979 | Abyss:1  | Noticed an ancient zyme
  4986 | Abyss:1  | Killed an ancient zyme
  5324 | Abyss:1  | Found a corrupted altar of Lugonu.
  5325 | Abyss:1  | Noticed a bone dragon
  5326 | Abyss:1  | Noticed a balrug
  5328 | Abyss:1  | Noticed a large abomination
  5329 | Abyss:1  | Noticed a flayed ghost
  5332 | Abyss:1  | Noticed a wretched star
  5332 | Abyss:1  | Noticed a cyan very ugly thing
  5332 | Abyss:1  | Noticed a cyan ugly thing
  5332 | Abyss:1  | Noticed a cyan ugly thing
  5332 | Abyss:1  | Noticed a cyan ugly thing
  5333 | Abyss:1  | Noticed a wretched star
  5333 | Abyss:1  | Slain by a chaos spawn

Action                   |  1- 3 |  4- 6 |  7- 9 || total
-------------------------+-------+-------+-------++-------
Melee: Mace              |    82 |   148 |    60 ||   290
Invok: Berserk           |       |     1 |       ||     1
  Use: Scroll            |     4 |     7 |     3 ||    14
       Potion            |       |     8 |       ||     8
  Eat: Pizza             |     1 |       |       ||     1
       Meat ration       |     1 |       |     1 ||     2
       Bread ration      |       |     1 |       ||     1
